 Dungeon Crawl Stone Soup version 0.32-a0-314-g526f7d4993 (webtiles) character file.

Game seed: 7723037001488084262

219 juan097 the Chopper (level 5, 0/69 HPs)
             Began as a Minotaur Fighter on Feb 15, 2024.
             Was a Believer of Yredelemnul.
             Succumbed to a killer bee's poison
             ... on level 4 of the Dungeon.
             The game lasted 00:04:44 (2387 turns).

juan097 the Chopper (Minotaur Fighter)              Turns: 2387, Time: 00:04:44

Health: 0/69       AC: 22    Str: 23    XL:     5   Next: 64%
Magic:  14/14      EV:  2    Int:  5    God:    Yredelemnul [**....]
Gold:   159        SH:  4    Dex:  9    Spells: 4/4 levels left

rFire   . . .        a - +0 war axe
rCold   . . .        c - +0 buckler
rNeg    . . .        b - melded +0 scale mail
rPois   +            (helmet currently unavailable)
rElec   .            (cloak currently unavailable)
rCorr   .            j - melded +0 pair of gloves
SInv    .            (boots currently unavailable)
Will    .....        e - amulet of faith
Stlth   +            i - ring of magical power
HPRegen 0.31/turn    (no ring)
MPRegen 0.14/turn

%: faith
@: lethally poisoned (0 -> -7), tree-form, attractive, wreathed by umbra
A: stationary, stasis, torment immunity, boosted hp, (horns 2), (retaliatory
headbutt)
a: Renounce Religion, Light the Black Torch, Recall Undead Harvest, Hurl
Torchlight


You were on level 4 of the Dungeon.
You worshipped Yredelemnul.
Yredelemnul was noncommittal.
You were a tree.
You visited 1 branch of the dungeon, and saw 4 of its levels.

You collected 159 gold pieces.

Inventory:

Hand Weapons
 a - a +0 war axe (weapon)
Missiles
 m - 5 atropa-tipped darts (quivered)
 t - 2 javelins
 B - 10 poisoned darts
Armour
 b - a +0 scale mail (melded)
 c - a +0 buckler (worn)
 j - a +0 pair of gloves (melded)
 r - the +0 leather armour of Inevitability {rF+}
   (You found it on level 2 of the Dungeon)

   rF+:       It protects you from fire.
Jewellery
 e - an amulet of faith (around neck)
 i - a ring of magical power (left branch)
 l - an amulet of the acrobat
 w - an amulet of magic regeneration
Wands
 n - a wand of acid (4)
 z - a wand of flame (11)
Scrolls
 f - a scroll of torment {unknown}
 h - 2 scrolls of teleportation {unknown}
 q - a scroll of amnesia {unknown}
 u - a scroll of vulnerability {unknown}
 v - 3 scrolls of identify {unknown}
 x - 2 scrolls of enchant armour {unknown}
 y - a scroll of fear {unknown}
 A - a scroll of revelation {unknown}
 C - a scroll of butterflies {unknown}
 D - a scroll of immolation {unknown}
Potions
 d - 2 potions of might
 k - a potion of attraction
 o - a potion of invisibility {unknown}
 p - a potion of mutation {unknown}
 s - a potion of curing {unknown}


   Skills:
 - Level 4.0 Fighting
 + Level 5.6 Axes
 - Level 3.6 Armour
 - Level 5.0 Shields
 + Level 1.7 Invocations


You had 4 spell levels left.
You didn't know any spells.
Your spell library contained the following spells:

 Spells                   Type           Power      Damage    Failure   Level
 Ensorcelled Hibernation  Hex/Ice        0%         N/A       67%         2
 Fugue of the Fallen      Necr           0%         N/A       88%         3
 Anguish                  Hex/Necr       0%         N/A       99%         4


Dungeon Overview and Level Annotations

Branches:
Dungeon (4/15)
 Temple: D:4-7

Altars:
Kikubaaqudgha
Okawaru
Qazlal
Yredelemnul
Zin

Annotations:
D:4 1 runed translucent door


Innate Abilities, Weirdness & Mutations

You are a tree.
Your roots penetrate the ground, keeping you stationary.
You cannot be teleported.
You are immune to unholy pain and torment.
Your maximum health is greatly increased.
Your equipment is partially melded.
((You have a pair of horns on your head.))
((You reflexively headbutt those who attack you in melee.))


Message History

The killer bee stings your adder zombie.
The killer bee closely misses your adder zombie.
Your adder zombie completely misses the killer bee.
The killer bee stings your adder zombie!
The killer bee closely misses your adder zombie.
Your adder zombie closely misses the killer bee.
The killer bee stings your adder zombie.
Your adder zombie is destroyed!
You swap places.
Your goblin zombie hits the killer bee.
The killer bee stings you but does no damage.
You miss the killer bee.
The killer bee is moderately wounded.
The killer bee stings you but does no damage.
Your goblin zombie closely misses the killer bee.
The killer bee stings you.
You are poisoned.
The killer bee poisons you!
You miss the killer bee. Your headbutt misses the killer bee.
The killer bee is moderately wounded.
You feel sick. The killer bee stings you!
* * * LOW HITPOINT WARNING * * *
The killer bee barely misses you.
Your goblin zombie barely misses the killer bee.
The killer bee stings you.
* * * LOW HITPOINT WARNING * * *
You are more poisoned.
The killer bee poisons you!
It was a potion of attraction.
You feel attractive to monsters.
* * * LOW HITPOINT WARNING * * *
You feel very sick. The killer bee closely misses you.
Your goblin zombie completely misses the killer bee.
The killer bee stings you but does no damage.
It was a potion of lignification.
You turn into a tree.
Your +0 pair of gloves melds into your body.
Your +0 scale mail melds into your body.
Your roots penetrate the ground.
You die...
Your body rises from the dead as a mindless zombie.

#.# #Z#
######### #Z#
#...ZZZ.# #Z#
#.#####Z######Z#
#.# #ZZ.ZZ.Z.#
#.# ##########
#Z# #♣#######
#Zy.....#
#######.#


You could see a killer bee (ally target) and 2 friendly goblin zombies.

Vanquished Creatures
  2 killer bees (D:4)
  2 adders (D:3)
  A ribbon worm (D:2)
  An orc (D:3)
  5 endoplasms
  3 giant cockroaches
  3 goblins
  4 hobgoblins
  7 jackals (D:3)
  A quokka (D:3)
  6 ball pythons
  5 bats
  3 frilled lizards
  6 kobolds
  2 rats
51 creatures vanquished.

Vanquished Creatures (collateral kills)
  2 adders (D:4)
  An orc (D:3)
3 creatures vanquished.

Vanquished Creatures (others)
  A killer bee zombie (D:4)
  An adder zombie (D:4)
  2 ball python zombies (D:4)
  A giant cockroach zombie (D:4)
5 creatures vanquished.

Grand Total: 59 creatures vanquished

Notes
Turn   | Place    | Note
-------+----------+-------------------------------------------
     0 | D:1      | juan097 the Minotaur Fighter began the quest for the Orb.
     0 | D:1      | Reached XP level 1. HP: 19/19 MP: 0/0
     2 | D:1      | Noticed an oni
     4 | D:1      | Noticed a spriggan
     4 | D:1      | Noticed a tengu
     6 | D:1      | Noticed a demonspawn
     8 | D:1      | Noticed a djinni
     8 | D:1      | Noticed an armataur
    10 | D:1      | Noticed a demigod
    10 | D:1      | Noticed a troll
    12 | D:1      | Noticed a human
    12 | D:1      | Noticed a ghoul
    14 | D:1      | Noticed an octopode
    14 | D:1      | Noticed a gargoyle
    16 | D:1      | Noticed a naga
    18 | D:1      | Noticed a minotaur
    18 | D:1      | Noticed an elf
    20 | D:1      | Noticed a vampire
    20 | D:1      | Noticed a merfolk
    22 | D:1      | Noticed a dwarf
    22 | D:1      | Noticed a draconian
    24 | D:1      | Noticed a barachi
    24 | D:1      | Noticed a vine stalker
    26 | D:1      | Noticed a felid
    26 | D:1      | Noticed a formicid
   294 | D:1      | Reached XP level 2. HP: 27/27 MP: 1/1
   462 | D:1      | Reached XP level 3. HP: 33/33 MP: 2/2
   787 | D:2      | Identified the +0 leather armour of Inevitability {rF+}
   890 | D:2      | Found a faded altar of an unknown god.
   943 | D:2      | Prayed at the altar of an unknown god.
   943 | D:2      | Became a worshipper of Yredelemnul the Fallen
   943 | D:2      | Reached * piety under Yredelemnul
  1197 | D:2      | Found a glowing silver altar of Zin.
  1500 | D:3      | Found a stormy altar of Qazlal.
  1542 | D:3      | Found an ancient bone altar of Kikubaaqudgha.
  1577 | D:3      | Reached XP level 4. HP: 40/40 MP: 3/3
  1694 | D:3      | Found a faded altar of an unknown god.
  1701 | D:3      | Reached skill level 5 in Shields
  1913 | D:3      | Reached ** piety under Yredelemnul
  2271 | D:4      | Reached skill level 5 in Axes
  2304 | D:4      | Found an iron altar of Okawaru.
  2304 | D:4      | Found a runed translucent door.
  2309 | D:4      | Found the +0 toga "Victory" {*Victory Clar}
  2312 | D:4      | Noticed an ogre
  2360 | D:4      | Reached skill level 1 in Invocations
  2360 | D:4      | Reached XP level 5. HP: 46/46 MP: 4/4
  2386 | D:4      | HP: 1/46 [poisoned by a killer bee]
  2387 | D:4      | Succumbed to a killer bee's poison

Illustrated notes

Levels and vault maps discovered:
D:1:      kb_arrival_jail, layout_basic, nicolae_titane
D:2:      layout_loops_ring, hellmonk_ecumenical_altar_zigzags, basic_altar
D:3:      layout_loops_ring, grunt_qazlal_clouds, kiku_gazebo_pond_becter,
          nicolae_overflow_ecumenical_swirl
D:4:      layout_basic, nicolae_overflow_guarded_unrand_okawaru_victory,
          minmay_temple_entry_grid, uniq_robin

Skill      XL: |  1  2  3  4 |
---------------+-------------+-----
Fighting       | 4 |  4.0
Shields        | 4 5 |  5.0
Axes           | 3 5 |  5.6
Invocations    | 1 |  1.7
Armour         | |  3.6

Action                     |  1- 3 |  4- 6 || total
---------------------------+-------+-------++-------
  Melee: War axe           |    64 |    52 ||   116
         Headbutt          |     6 |     2 ||     8
 Invoke: Light the Black T |     2 |     1 ||     3
    Use: Potion            |       |     2 ||     2
 Armour: Scale mail        |    33 |    52 ||    85
  Dodge: Dodged            |    33 |    32 ||    65
  Block: Buckler           |    14 |     8 ||    22

Table legend: (Time is in decaauts)
 A = Elapsed time spent in this place.
 B = Non-inter-level travel time spent in this place.
 C = Inter-level travel time spent in this place.
 D = Time resting spent in this place.
 E = Time spent auto-exploring this place.
 F = Levels seen in this place.
 G = Mean time per level.
                   A        B        C        D        E       F      G
               +--------+--------+--------+--------+--------+-----+--------+
         Total |   2426 |   2303 |    123 |      0 |   1853 |   4 |  606.5 |
       Dungeon |   2426 |   2303 |    123 |      0 |   1853 |   4 |  606.5 |
               +--------+--------+--------+--------+--------+-----+--------+

Top non-repeatable levels by time:
     D:2: 762 daAuts
     D:3: 687 daAuts
     D:1: 612 daAuts
     D:4: 364 daAuts
